 Dungeon Crawl Stone Soup version 0.27.1-33-g824d729ab1 (webtiles) character file.

Game seed: 16487237964147068471

398006 raph the Pyromancer (level 24, -1/170 HPs)
             Began as a Human Fire Elementalist on Dec 16, 2021.
             Was a High Priest of Sif Muna.
             Slain by a +2 vampiric lajatang (27 damage)
             ... on level 1 of the Elven Halls on Dec 18, 2021.
             The game lasted 03:26:03 (99100 turns).

raph the Pyromancer (Human Fire Elementalist)      Turns: 99100, Time: 03:26:04

Health: -1/170     AC: 24    Str: 10    XL:     24   Next: 35%
Magic:  44/50      EV: 18    Int: 23    God:    Sif Muna [*****.]
Gold:   3815       SH:  0    Dex: 17    Spells: 1/52 levels left

rFire    + . .     SeeInvis .   b - staff of fire
rCold    . . .     Faith    .   h - +3 buckler
rNeg     . . .     Spirit   .   i - quicksilver dragon scales
rPois    .         Reflect  .   e - +2 helmet
rElec    .         Harm     .   d - +2 cloak {Will+}
rCorr    .         Rampage  .   u - +2 pair of gloves {archery}
Will     +++..                  j - +2 pair of boots {Fly}
Stlth    +.........             f - amulet of regeneration
HPRegen  1.38/turn              L - ring of magical power
MPRegen  0.32/turn              H - +4 ring of evasion

@: confused, ambrosia-drunk, flying, studying Crossbows
A: no striking features
}: 2/15 runes: barnacled, gossamer
a: Renounce Religion, Channel Magic, Forget Spell, Divine Exegesis


You were on level 1 of the Elven Halls.
You worshipped Sif Muna.
Sif Muna was extremely pleased with you.
You visited 8 branches of the dungeon, and saw 38 of its levels.
You also visited: Gauntlet, Ice Cave and Wizlab.

You collected 6597 gold pieces.
You spent 2782 gold pieces at shops.

Inventory:

Hand Weapons
 a - the +8 arc blade {discharge, rElec}
   (You bought it in a shop on level 7 of the Dungeon)

   It occasionally unleashes powerful arcs of lightning upon striking a foe.
   These may arc to other adjacent creatures (including the wielder, but dealing
   reduced damage to them) before grounding out.
   rElec:     It insulates you from electricity.
 B - the +3 quick blade of Zitsuola {drain, Int+4}
   (You took it off a kobold on level 11 of the Dungeon)

   A truly terrible weapon, it drains the life of any living foe it strikes.
   Int:       It affects your intelligence (+4).
Missiles
 A - 20 boomerangs of dispersal
 C - 13 throwing nets
Armour
 d - a +2 cloak of willpower (worn)
 e - a +2 helmet (worn)
 h - a +3 buckler (worn)
 i - quicksilver dragon scales (worn)
 j - a +2 pair of boots of flying (worn)
 u - a +2 pair of gloves of archery (worn)
 T - +1 ice dragon scales
Magical Staves
 b - a staff of fire (weapon)
 w - a staff of conjuration
Jewellery
 f - an amulet of regeneration (around neck)
 z - a ring of see invisible
 H - a +4 ring of evasion (right hand)
 J - the ring "Pailaega" {Ice Str+2 Int+3 Dex+3 Stlth+}
   (You took it off a kobold on level 11 of the Dungeon)

   [ring of ice]

   It enhances your ice magic.
   Str:       It affects your strength (+2).
   Int:       It affects your intelligence (+3).
   Dex:       It affects your dexterity (+3).
   rF:        It makes you vulnerable to fire.
   rC:        It protects you from cold.
   Stlth:     It makes you more stealthy.
 L - a ring of magical power (left hand)
 Z - a ring of fire
Wands
 q - a wand of acid (20)
 D - a wand of flame (52)
 I - a wand of iceblast (34)
 P - a wand of digging (24)
 S - a wand of mindburst (36)
Scrolls
 m - a scroll of acquirement
 p - 4 scrolls of magic mapping
 t - a scroll of brand weapon
 v - a scroll of teleportation
 x - 3 scrolls of immolation
 G - a scroll of enchant armour
 N - 6 scrolls of fear
 O - 3 scrolls of silence
 R - 15 scrolls of identify
 W - 5 scrolls of amnesia
 X - 4 scrolls of blinking
Potions
 c - 4 potions of mutation
 g - 13 potions of curing
 k - 4 potions of ambrosia
 l - 3 potions of might
 n - 3 potions of haste
 r - 4 potions of berserk rage
 F - 4 potions of invisibility
 K - a potion of resistance
 M - 5 potions of brilliance
 Q - 2 potions of magic
Miscellaneous
 s - a condenser vane
 y - a phantom mirror
 U - a box of beasts
 V - a phial of floods
 Y - a lightning rod (4/4)


   Skills:
 + Level 9.4 Fighting
 + Level 5.6 Armour
 + Level 7.9 Dodging
 - Level 7.0 Stealth
 - Level 4.0 Shields
 + Level 14.5 Spellcasting
 + Level 18.6 Conjurations
 + Level 0.4 Translocations
 + Level 23.0 Fire Magic
 - Level 4.6 Air Magic
 - Level 7.1 Earth Magic
 - Level 13.3 Invocations
 - Level 6.2 Evocations


You had one spell level left.
You knew the following spells:

 Your Spells              Type           Power      Damage    Failure   Level
a - Foxfire               Conj/Fire      100%       2x1d9     0%          1
b - Orb of Destruction    Conj           40%        9d14      3%          7
c - Sticky Flame          Conj/Fire      100%       2d11      0%          4
d - Fireball              Conj/Fire      53%        3d21      1%          5
e - Inner Flame           Hex/Fire       81%        N/A       1%          3
f - Passwall              Tmut/Erth      27%        N/A       3%          2
g - Swiftness             Air            37%        N/A       3%          3
h - Bolt of Magma         Conj/Fire/Erth 47%        4d19      1%          5
i - Starburst             Conj/Fire      53%        6d14      1%          6
j - Iskenderun's Mystic   Conj/Tloc      57%        2d12      1%          4
k - Apportation           Tloc           36%        N/A       7%          1
l - Ignition              Fire           55%        3d15      4%          8
m - Blink                 Tloc           N/A        N/A       11%         2

Your spell library contained the following spells:

 Spells                   Type           Power      Damage    Failure   Level
 Magic Dart               Conj           100%       1d8       0%          1
 Shock                    Conj/Air       100%       1d9       1%          1
 Beastly Appendage        Tmut           32%        N/A       9%          1
 Freeze                   Ice            64%        1d8       9%          1
 Sting                    Tmut/Pois      64%        1d6       9%          1
 Searing Ray              Conj           100%       3d7       0%          2
 Conjure Flame            Conj/Fire      100%       6-21      0%          3
 Static Discharge         Conj/Air       63%        N/A       1%          2
 Dazzling Flash           Conj/Hex       100%       N/A       1%          3
 Mephitic Cloud           Conj/Pois/Air  51%        N/A       1%          3
 Stone Arrow              Conj/Erth      100%       3d13      1%          3
 Fulminant Prism          Conj/Hex       28%        3d14      1%          4
 Hailstorm                Conj/Ice       56%        3d12      1%          4
 Iskenderun's Battlesphe  Conj           80%        2d13      1%          5
 Lightning Bolt           Conj/Air       31%        1d48      1%          5
 Corpse Rot               Necr/Air       N/A        N/A       4%          2
 Poisonous Vapours        Pois/Air       54%        N/A       4%          2
 Irradiate                Conj/Tmut      28%        3d22      4%          5
 Iron Shot                Conj/Erth      33%        9d7       6%          6
 Freezing Cloud           Conj/Ice/Air   25%        6-21      10%         5
 Conjure Ball Lightning   Conj/Air       31%        3x3d10    11%         6
 Lee's Rapid Deconstruct  Erth           24%        3d14*     12%         5
 Ensorcelled Hibernation  Hex/Ice        32%        N/A       13%         2
 Slow                     Hex            16%        N/A       13%         2
 Sublimation of Blood     Necr           8%         N/A       13%         2
 Wereblood                Tmut           16%        N/A       13%         2
 Animate Armour           Summ/Erth      66%        N/A       19%         4
 Petrify                  Tmut/Erth      33%        N/A       19%         4
 Gell's Gravitas          Tloc           9%         N/A       21%         3
 Lesser Beckoning         Tloc           9%         N/A       21%         3
 Teleport Other           Tloc           18%        N/A       21%         3
 Portal Projectile        Hex/Tloc       34%        N/A       22%         3
 Confusing Touch          Hex            16%        N/A       26%         3
 Frozen Ramparts          Ice            32%        1d5       26%         3
 Ozocubu's Armour         Ice            16%        N/A       26%         3
 Spider Form              Tmut/Pois      8%         N/A       26%         3
 Tukima's Dance           Hex            16%        N/A       26%         3
 Vampiric Draining        Necr           8%         2d7       26%         3
 Summon Lightning Spire   Summ/Air       27%        N/A       32%         4
 Passage of Golubria      Tloc           N/A        N/A       56%         4
 Animate Dead             Necr           8%         N/A       63%         4
 Dispel Undead            Necr           16%        3d10      63%         4
 Ice Form                 Ice/Tmut       16%        N/A       63%         4
 Olgreb's Toxic Radiance  Pois           16%        N/A       63%         4
 Summon Ice Beast         Ice/Summ       16%        N/A       63%         4
 Silence                  Hex/Air        13%        N/A       65%         5
 Fire Storm               Conj/Fire      53%        8d13      86%         9
 Manifold Assault         Tloc           18%        N/A       88%         5
 Summon Forest            Summ/Tloc      8%         N/A       91%         5
 Alistair's Intoxication  Tmut/Pois      10%        N/A       93%         5
 Blade Hands              Tmut           8%         N/A       93%         5
 Yara's Violent Unravell  Hex/Tmut       8%         3d5       93%         5
 Lehudib's Crystal Spear  Conj/Erth      33%        10d8      95%         8
 Statue Form              Tmut/Erth      22%        N/A       96%         6
 Death Channel            Necr           8%         N/A       100%        6
 Dispersal                Tloc           9%         N/A       100%        6
 Eringya's Noxious Bog    Tmut/Pois      8%         N/A       100%        6
 Invisibility             Hex            8%         N/A       100%        6
 Shadow Creatures         Summ           N/A        N/A       100%        6
 Dragon Form              Tmut           8%         N/A       100%        7
 Ozocubu's Refrigeration  Ice            8%         4d6       100%        7
 Storm Form               Tmut/Air       13%        N/A       100%        7
 Summon Hydra             Summ           8%         N/A       100%        7
 Borgnjor's Revivificati  Necr           8%         N/A       100%        8
 Disjunction              Tloc           9%         N/A       100%        8
 Maxwell's Capacitive Co  Air            18%        ∞         100%        8
 Necromutation            Tmut/Necr      8%         N/A       100%        8
 Chain Lightning          Conj/Air       31%        3d42      100%        9
 Shatter                  Erth           24%        3d21*     100%        9


Dungeon Overview and Level Annotations

Branches:
Dungeon (15/15)            Temple (1/1) D:6            Lair (6/6) D:11
 Shoals (4/4) Lair:4       Spider (4/4) Lair:4        Slime (0/5) Lair:5
    Orc (2/2) D:9             Elf (2/3) Orc:2        Vaults (4/5) D:13
  Crypt (0/3) Vaults:2     Depths (0/5) D:15          IceCv (visited)
 WizLab (visited)         Gauntlet (visited)

Altars:
Ashenzari
Cheibriados
Dithmenos
Elyvilon
Fedhas
Gozag
Hepliaklqana
Kikubaaqudgha
Makhleb
Nemelex Xobeh
Okawaru
Qazlal
Ru
Sif Muna
Trog
Uskayaw
Vehumet
Wu Jian
Xom
Yredelemnul
Zin
The Shining One
Jiyva

Shops:
D:7 (   Orc:2 (:*[(   Elf:1 *[   Elf:2 :   Shoals:4 (   Vaults:4 (

Portals:
Hell: Lair:6

Annotations:
Vaults:4 Xtahua


Message History

You slam into the rock wall!
* * * LOW HITPOINT WARNING * * *
You are too injured to fight recklessly!
Okay, then.
Magic courses through your body.
The +2 vampiric lajatang burns!
The +2 vampiric lajatang hits you but does no damage.
Something hits you but does no damage. The +2 vampiric lajatang hits you!!!
* * * LOW HITPOINT WARNING * * *
Something hits you.
* * * LOW HITPOINT WARNING * * *
Casting: Sticky Flame (safe; 0% risk of failure)
Confirm with . or Enter, or press ? or * to list all spells.
You erupt in a blast of force!
The mystic blast hits the +2 vampiric lajatang!
The +2 vampiric lajatang is moderately damaged.
The +2 vampiric lajatang is knocked back by the mystic blast.
The mystic blast hits something!!
The +2 vampiric lajatang stops burning.
You feel much better. Something hits you!
* * * LOW HITPOINT WARNING * * *
Blink to where?
Press: ? - help, Dir - move target, p - +2 vampiric lajatang
As you read the scroll of blinking, it crumbles to dust.
As you read the scroll of fog, it crumbles to dust.
The scroll dissolves into smoke.
You are confused.
You feel invigorated.
You bump into the rock wall.
The deep elf knight points at you and mumbles some strange words.
The shard of ice misses you.
The deep elf knight hits you with a +0 long sword!
* * * LOW HITPOINT WARNING * * *
You bump into the rock wall.
The deep elf knight is no longer moving quickly.
The +2 vampiric lajatang hits you.
* * * LOW HITPOINT WARNING * * *
The deep elf knight barely misses you.
You miss the deep elf knight.
The deep elf knight is heavily wounded.
The +2 vampiric lajatang hits you!!
You die...

.###.......'##
#....#.#[.....#.##
##...........#
#.......).>....#.#
##...........#
#..#....)#......#'
##...........#
#...............##
.'...........#
#§§#.....#.......+
##)..........#
#§§§.............. #..........)#
#§§§.#.#......⌠... #...........#
#e(§.............. ###...)...'##
#@####+..........#
##'##...###.###+###.##.....#'###
##.#######
##'.....'#########..## #.##
##.....## ###.# .## ###
#.......# ##. ##
###.####.......# ##### ## .#
###.....###......###...### # .#
#.........#.....##.......#
.###.........#.....##.......#


You could see a deep elf knight and a +2 vampiric lajatang.

Vanquished Creatures
  A juggernaut (shapeshifter) (Vaults:3)
  Rupert (Lair:4)
  Jorgrun (Orc:1)
  A lich (Vaults:4)
  The ghost of malygoose the Warrior, an adept GrFi of Okawaru (Shoals:4)
  Gastronok (Lair:2)
  Frances (Shoals:1)
  Polyphemus (Shoals:4)
  3 sphinxes
  A kraken (Shoals:2)
  A shadow dragon (Vaults:3)
  A storm dragon (D:11)
  A fire giant (Vaults:1)
  3 frost giants
  9 vault wardens
  2 deep elf sorcerers
  7 orc warlords
  Louise (Shoals:2)
  5 ghost moths
  6 emperor scorpions
  A deep elf elementalist (Elf:1)
  24 ironbound preservers
  7 very ugly things
  A deep elf demonologist (Vaults:1)
  A vampire knight (Vaults:3)
  4 stone giants
  3 entropy weavers
  A deep elf annihilator (Vaults:3)
  3 dire elephants
  2 spark wasps (Spider:4)
  Azrael (Orc:2)
  10 purple draconians (WizLab)
  5 merfolk javelineers
  A minotaur (Gauntlet)
  A crystal guardian (Vaults:3)
  Snorg (Lair:3)
  9 statues (WizLab)
  5 ettins
  2 deep elf high priests
  7 merfolk impalers
  10 yaktaur captains
  An ice dragon (D:11)
  12 hydras
  Harold (Lair:1)
  11 vault guards
  A rakshasa (D:15)
  3 great orbs of eyes (Vaults:4)
  6 ironbound frosthearts
  A hell beast (Lair:6)
  4 alligator snapping turtles
  8 centaur warriors
  2 death knights
  5 ironbound thunderhulks
  Erica (Orc:1)
  5 ogre magi
  2 merfolk avatars (Shoals:3)
  17 two-headed ogres
  3 boulder beetles
  6 catoblepae
  2 merfolk aquamancers
  7 satyrs
  A two-headed ogre (shapeshifter) (Vaults:3)
  3 death yaks
  A tengu warrior (D:15)
  Nergalle (Lair:4)
  5 orc high priests
  Urug (D:13)
  13 dancing weapons
  5 ironbound beastmasters
  13 deep elf knights
  The ghost of Laummuim the Gouger, a journeyman FeFi of Fedhas (Lair:4)
  2 skeletal warriors
  13 sea snakes
  51 deep trolls
  A tengu zombie (Vaults:1)
  7 deep elf archers (Elf:1)
  An obsidian statue (D:11)
  A flayed ghost (Vaults:2)
  A glowing orange brain (D:15)
  9 wizards
  11 orc knights
  25 deep elf pyromancers
  17 orb spiders
  2 phantasmal warriors
  10 lindwurms
  5 orc sorcerers (Orc:2)
  34 harpies
  6 necromancers
  18 deep elf zephyrmancers
  18 ironbound convokers
  4 oklob plants (Lair:2)
  24 wolf spiders
  14 manticores
  28 fauns
  31 ugly things
  9 cyclopes
  A stone giant skeleton (Vaults:1)
  3 human zombies (Vaults:1)
  A moth of wrath (shapeshifter) (D:11)
  2 moths of wrath (Shoals:4)
  21 elephants
  2 human skeletons (Vaults:1)
  14 vault sentinels
  3 black mambas
  12 merfolk sirens
  An elephant (shapeshifter) (D:15)
  3 ice statues (IceCv)
  5 water nymphs
  2 gargoyles (D:11)
  Maggie (Lair:2)
  12 cane toads
  2 yaktaur zombies (Vaults:1)
  4 rime drakes
  8 komodo dragons
  An unseen horror (D:12)
  A torpor snail (Lair:3)
  A yaktaur skeleton (Vaults:1)
  3 ice devils (Lair:6)
  An entropy weaver simulacrum (IceCv)
  6 freezing wraiths
  16 tengu conjurers
  An efreet (D:13)
  14 demonic crawlers
  3 red devils (Lair:6)
  12 yaktaurs
  An anaconda simulacrum (IceCv)
  7 trolls
  2 polar bears (Lair:6)
  25 jumping spiders
  29 merfolk
  A hornet (shapeshifter) (D:12)
  12 hornets
  12 blink frogs
  A jumping spider (shapeshifter) (Vaults:3)
  8 wind drakes
  A tyrant leech (Gauntlet)
  45 slime creatures
  13 snapping turtles
  Sigmund (D:5)
  2 air elementals (Elf:2)
  32 dream sheep
  21 tarantellas
  2 wyverns
  4 wraiths
  A spriggan (Lair:4)
  80 redbacks
  29 yaks
  2 shadows (D:9)
  7 fire elementals
  5 basilisks
  12 water elementals
  A steam dragon (D:7)
  Eustachio (D:5)
  3 vampire mosquitoes (D:14)
  8 wargs
  A death yak simulacrum (IceCv)
  Menkaure (D:5)
  2 swamp worms (Gauntlet)
  A swamp worm (shapeshifter) (Vaults:4)
  15 water moccasins
  An acid dragon (D:11)
  8 hell hounds
  4 black bears
  2 ice beasts
  35 orc warriors
  An ettin simulacrum (Vaults:1)
  2 necrophages
  8 ogres
  3 sky beasts
  5 boggarts (Vaults:1)
  An elf simulacrum (Vaults:1)
  11 wolves
  15 centaurs
  3 kobold brigands
  11 bullfrogs
  A gnoll sergeant (D:13)
  2 scorpions
  3 wyvern zombies
  2 cane toad simulacra (IceCv)
  2 troll zombies (D:9)
  An elephant simulacrum (IceCv)
  3 wights (D:8)
  13 killer bees
  9 electric eels
  2 howler monkeys
  5 centaur zombies
  A centaur skeleton (D:6)
  2 hounds (D:5)
  3 jellies
  8 orc priests
  Crazy Yiuf (D:7)
  A bullfrog skeleton (D:5)
  2 gnoll shamans
  3 iguanas
  17 orc wizards
  A polar bear simulacrum (IceCv)
  6 ogre zombies (D:9)
  A wolf simulacrum (IceCv)
  A hound skeleton (D:5)
  A howler monkey zombie (D:6)
  14 gnolls
  7 adders
  3 shadow imps
  4 ufetubi
  3 worms
  2 dart slugs (D:3)
  44 orcs
  4 ball pythons
  4 endoplasms (D:1)
  4 giant cockroaches
  9 goblins
  11 hobgoblins
  13 jackals
  10 kobolds
  4 quokkas
  10 bats
  6 frilled lizards
  6 goblin zombies (D:9)
  A hobgoblin skeleton (D:9)
  5 hobgoblin zombies (D:9)
  An orc skeleton (D:9)
  12 orc zombies (D:9)
  5 rats
  5 bushes (Shoals:3)
  A tentacle (Shoals:2)
1564 creatures vanquished.

Vanquished Creatures (collateral kills)
  A peacekeeper (Vaults:3)
  An ironbound convoker (Vaults:3)
  4 foxfires
6 creatures vanquished.

Vanquished Creatures (others)
  A tengu conjurer (WizLab)
  An air elemental (Elf:1)
  A centaur skeleton (D:7)
  An orc (Orc:1)
  8 demonic plants
  880 foxfires
  195 fungi
  368 plants
  7 tentacles (Shoals:2)
  2 withered plants (D:2)
1464 creatures vanquished.

Grand Total: 3034 creatures vanquished

Notes
Turn   | Place    | Note
-------+----------+-------------------------------------------
     0 | D:1      | raph the Human Fire Elementalist began the quest for the
                  | Orb.
     0 | D:1      | Reached XP level 1. HP: 13/13 MP: 3/3
   386 | D:1      | Reached XP level 2. HP: 16/19 MP: 3/5
   703 | D:1      | Reached skill level 4 in Fire Magic
   703 | D:1      | Reached XP level 3. HP: 8/24 MP: 0/6
  1794 | D:2      | Reached XP level 4. HP: 30/30 MP: 5/7
  1882 | D:2      | Learned a level 3 spell: Conjure Flame
  2209 | D:2      | Reached skill level 5 in Fire Magic
  2418 | D:2      | Found a faded altar of an unknown god.
  3054 | D:3      | Reached XP level 5. HP: 25/35 MP: 0/8
  3661 | D:3      | Learned a level 4 spell: Sticky Flame
  3815 | D:3      | Identified a scroll of acquirement
  3815 | D:3      | Acquired a +0 cloak of willpower
  4844 | D:4      | Reached XP level 6. HP: 41/41 MP: 2/9
  4906 | D:4      | Noticed a black bear
  4913 | D:4      | Killed a black bear
  4914 | D:4      | Reached skill level 6 in Fire Magic
  5180 | D:4      | Found a bloodstained altar of Trog.
  5186 | D:4      | Noticed a black bear
  5193 | D:4      | Killed a black bear
  5194 | D:4      | Reached XP level 7. HP: 46/46 MP: 2/10
  5511 | D:5      | Entered Level 5 of the Dungeon
  5711 | D:5      | Noticed Menkaure
  5717 | D:5      | Killed Menkaure
  5859 | D:5      | Noticed Sigmund
  5868 | D:5      | Killed Sigmund
  5869 | D:5      | Reached skill level 5 in Conjurations
  5869 | D:5      | Reached skill level 7 in Fire Magic
  5869 | D:5      | Reached XP level 8. HP: 52/52 MP: 3/11
  6595 | D:5      | Reached skill level 8 in Fire Magic
  7002 | D:5      | Noticed Eustachio
  7007 | D:5      | Killed Eustachio
  7008 | D:5      | Reached XP level 9. HP: 57/57 MP: 1/12
  7578 | D:6      | Found a transporter.
  7593 | D:6      | Found a transporter.
  8153 | D:5      | Reached skill level 9 in Fire Magic
  9059 | D:6      | Found a staircase to the Ecumenical Temple.
  9065 | Temple   | Entered the Ecumenical Temple
  9276 | Temple   | Became a worshipper of Sif Muna the Loreminder
 11088 | D:6      | Reached skill level 10 in Fire Magic
 11510 | D:7      | Found a runed translucent door.
 11511 | D:7      | Noticed Crazy Yiuf
 11529 | D:7      | Killed Crazy Yiuf
 11644 | D:7      | Reached XP level 10. HP: 63/63 MP: 6/13
 11698 | D:7      | Learned a level 5 spell: Fireball
 11873 | D:7      | Found Kimilos's Antique Weapon Shoppe.
 12211 | D:8      | Found a transporter.
 12212 | D:8      | Found a transporter.
 12213 | D:8      | Noticed a boulder beetle
 12284 | D:7      | Reached skill level 1 in Fighting
 12284 | D:7      | Reached skill level 1 in Invocations
 12381 | D:8      | Reached * piety under Sif Muna
 15083 | D:9      | Reached ** piety under Sif Muna
 15574 | D:9      | Found a staircase to the Orcish Mines.
 16355 | D:9      | Reached XP level 11. HP: 57/74 MP: 0/16
 16924 | D:10     | Entered Level 10 of the Dungeon
 16999 | D:10     | Identified the +0 pair of boots of Tara Via {rF- Str+10
                  | Dex+3}
 17764 | D:11     | Found a staircase to the Lair.
 17792 | D:11     | Reached skill level 11 in Fire Magic
 17918 | D:11     | Reached skill level 10 in Conjurations
 18148 | D:11     | Noticed a seven-headed hydra
 18158 | D:11     | Killed a seven-headed hydra
 18188 | D:11     | Noticed a centaur warrior
 18201 | D:11     | Killed a centaur warrior
 18202 | D:11     | Reached skill level 5 in Stealth
 18264 | D:11     | Noticed an obsidian statue
 18298 | D:11     | Noticed a centaur warrior
 18309 | D:11     | Killed a centaur warrior
 18322 | D:11     | Noticed a centaur warrior
 18332 | D:11     | Killed a centaur warrior
 18333 | D:11     | Reached XP level 12. HP: 74/83 MP: 16/18
 18337 | D:11     | Learned a level 3 spell: Inner Flame
 18464 | D:10     | Learned a level 2 spell: Passwall
 18800 | D:11     | Noticed a two-headed ogre
 18805 | D:11     | Killed a two-headed ogre
 18806 | D:11     | Reached skill level 5 in Dodging
 18948 | D:11     | Found a glowing silver altar of Zin.
 19001 | D:11     | Reached skill level 1 in Earth Magic
 19001 | D:11     | Reached skill level 5 in Invocations
 19123 | D:11     | Noticed a centaur warrior
 19134 | D:11     | Killed a centaur warrior
 19259 | D:11     | Noticed a five-headed hydra
 19373 | D:11     | Noticed an ettin
 19376 | D:11     | Killed an ettin
 19421 | D:11     | Noticed an ogre mage
 19440 | D:11     | Noticed a storm dragon
 19471 | D:11     | Noticed a yaktaur captain
 19568 | D:11     | Killed a five-headed hydra
 19569 | D:11     | Reached skill level 5 in Spellcasting
 19891 | Lair:1   | Entered Level 1 of the Lair of Beasts
 19898 | Lair:1   | Reached skill level 12 in Fire Magic
 19975 | D:11     | Reached skill level 5 in Fighting
 20851 | Lair:1   | Identified the +0 scale mail "Pisoovu" {Harm rCorr Str-3}
 20868 | Lair:1   | Reached XP level 13. HP: 91/91 MP: 18/20
 21197 | Lair:1   | Noticed Harold
 21202 | Lair:1   | Killed Harold
 21202 | Lair:1   | Reached *** piety under Sif Muna
 22514 | Lair:2   | Noticed Gastronok
 22598 | Lair:2   | Found a snail-covered altar of Cheibriados.
 22793 | Lair:2   | You fall into a shaft and drop 1 floor!
 22793 | Lair:3   | Noticed a seven-headed hydra
 23026 | Lair:2   | Killed Gastronok
 23183 | Lair:2   | Noticed Maggie
 23202 | Lair:2   | Killed Maggie
 23223 | Lair:2   | Noticed a catoblepas
 23278 | Lair:2   | Noticed a seven-headed hydra
 23297 | Lair:2   | Killed a seven-headed hydra
 23531 | Lair:2   | Noticed an eight-headed hydra
 23535 | Lair:2   | Killed an eight-headed hydra
 23814 | Lair:2   | Killed a catoblepas
 24777 | Lair:3   | Noticed a six-headed hydra
 24885 | Lair:3   | Killed a seven-headed hydra
 25070 | Lair:3   | Noticed a catoblepas
 25071 | Lair:3   | Noticed an eight-headed hydra
 25101 | Lair:3   | Killed an eight-headed hydra
 25259 | Lair:3   | Reached XP level 14. HP: 97/100 MP: 4/23
 25293 | Lair:3   | Reached skill level 1 in Evocations
 25661 | Lair:3   | Noticed Snorg
 25691 | Lair:3   | Killed Snorg
 25692 | Lair:3   | Reached skill level 13 in Fire Magic
 27800 | Lair:3   | Identified the +1 scale mail of Fuzzy Joy {rC+ Will++}
 28013 | Lair:4   | Found a runed translucent door.
 28013 | Lair:4   | Found a shimmering altar of Xom.
 28013 | Lair:4   | Noticed Laummuim's ghost (journeyman FeFi)
 28014 | Lair:4   | Identified the +3 triple sword of the Throat {chaos, *Slow
                  | +Blink Will++ Int+4}
 28146 | Lair:4   | Noticed Rupert
 28152 | Lair:4   | Killed Rupert
 28718 | Lair:4   | Found a hole to the Spider Nest.
 28804 | Lair:4   | Learned a level 3 spell: Swiftness
 28845 | Lair:4   | Noticed a dire elephant
 29515 | Lair:4   | Reached **** piety under Sif Muna
 29526 | Lair:4   | Found a staircase to the Shoals.
 29750 | Lair:4   | Killed a dire elephant
 29751 | Lair:4   | Reached skill level 5 in Earth Magic
 30018 | Lair:4   | Noticed Nergalle
 30356 | Lair:4   | Killed Nergalle
 30974 | Lair:5   | Reached skill level 1 in Shields
 31493 | Lair:5   | Identified the +9 quarterstaff of Dogauj {pain, rF++}
 31717 | Lair:5   | Reached XP level 15. HP: 107/107 MP: 5/25
 32421 | Lair:5   | Found a viscous altar of Jiyva.
 32421 | Lair:5   | Found a staircase to the Slime Pits.
 32979 | Lair:6   | Entered Level 6 of the Lair of Beasts
 33581 | D:12     | Found a gate leading to a gauntlet.
 33629 | Gauntlet | Entered a Gauntlet
 33629 | Gauntlet | Found a large runed translucent door.
 33629 | Gauntlet | Found a large runed translucent door.
 33629 | Gauntlet | Found a large runed translucent door.
 33629 | Gauntlet | Found a large runed translucent door.
 33629 | Gauntlet | Found a runed translucent door.
 33629 | Gauntlet | Found a large runed translucent door.
 33629 | Gauntlet | Found a large runed translucent door.
 33629 | Gauntlet | Found a transporter.
 33629 | Gauntlet | Found a transporter.
 33629 | Gauntlet | Found a large runed translucent door.
 33629 | Gauntlet | Found a large runed translucent door.
 33629 | Gauntlet | Found a runed translucent gate.
 33629 | Gauntlet | Found a runed translucent gate.
 33629 | Gauntlet | Found a transporter.
 33629 | Gauntlet | Found the ring of the Octopus King
 33630 | Gauntlet | Found a transporter.
 33633 | Gauntlet | Found a transporter.
 33649 | Gauntlet | Found a transporter.
 33651 | Gauntlet | Found a transporter.
 33658 | Gauntlet | Found a transporter.
 33664 | Gauntlet | Found a transporter.
 33681 | Gauntlet | Found a transporter.
 33689 | Gauntlet | Found a transporter.
 33706 | Gauntlet | Found a transporter.
 33710 | Gauntlet | Found a large runed translucent door.
 33710 | Gauntlet | Found a large runed translucent door.
 33711 | Gauntlet | Found a large runed translucent door.
 33711 | Gauntlet | Found a large runed translucent door.
 33712 | Gauntlet | Found a large runed translucent door.
 33712 | Gauntlet | Found a large runed translucent door.
 33712 | Gauntlet | Found a large runed translucent door.
 33712 | Gauntlet | Found a large runed translucent door.
 33713 | Gauntlet | Found a runed translucent door.
 33787 | Gauntlet | Found a runed translucent gate.
 34063 | Gauntlet | Identified the +0 helmet "Wanipho" {Dex+2}
 34080 | Gauntlet | Reached skill level 1 in Air Magic
 34228 | Gauntlet | Identified the ring of Sunlight {Contam Fly rC+++ Int-3
                  | Dex+9}
 34236 | Gauntlet | Reached skill level 1 in Armour
 34283 | Gauntlet | Got the Papyrus of the Spheres
 34287 | Gauntlet | Got the Reference Book on Moulding
 34786 | D:12     | Found a stormy altar of Qazlal.
 35375 | Orc:1    | Entered Level 1 of the Orcish Mines
 35387 | Orc:1    | Noticed Erica
 35393 | Orc:1    | Killed Erica
 35978 | Orc:2    | Entered Level 2 of the Orcish Mines
 35978 | Orc:2    | Noticed an orc warlord
 35978 | Orc:2    | Found Duilel's Antique Weapon Emporium.
 35978 | Orc:2    | Found Memn's Book Shoppe.
 36108 | Orc:1    | Noticed Jorgrun
 36117 | Orc:1    | Killed Jorgrun
 36121 | Orc:1    | Noticed an orc warlord
 36125 | Orc:1    | Killed an orc warlord
 36359 | Orc:2    | Reached ***** piety under Sif Muna
 36361 | Orc:2    | Noticed an orc warlord
 36634 | Orc:1    | Killed an orc warlord
 36760 | Orc:2    | Killed an orc warlord
 36936 | Orc:2    | Reached skill level 14 in Fire Magic
 37437 | Orc:2    | Reached XP level 16. HP: 103/115 MP: 25/27
 37810 | Orc:2    | Received a gift from Sif Muna
 37893 | Orc:1    | Learned a level 5 spell: Bolt of Magma
 38054 | Orc:2    | Noticed Azrael
 38067 | Orc:2    | Killed Azrael
 39324 | Orc:2    | Reached skill level 10 in Invocations
 39631 | Orc:2    | Found a staircase to the Elven Halls.
 39757 | Orc:2    | Found Ukhaz's General Store.
 40125 | Orc:2    | Found Uwiroaci's Antique Armour Shop.
 40154 | Orc:2    | Found Gaibinaa's Antique Weapon Shoppe.
 41705 | D:11     | Noticed a frost giant
 41712 | D:11     | Killed a frost giant
 41948 | D:11     | Identified the +3 quick blade of Zitsuola {drain, Int+4}
 41948 | D:11     | Identified the ring "Pailaega" {Ice Str+2 Int+3 Dex+3
                  | Stlth+}
 42162 | D:11     | Killed a storm dragon
 42731 | D:13     | Reached skill level 5 in Evocations
 43009 | D:13     | Found a frozen archway.
 43031 | IceCv    | Entered an ice cave
 43378 | IceCv    | Found the amulet of the Four Winds {rN+ Will+++ Clar}
 44156 | D:13     | Noticed Urug
 44167 | D:13     | Killed Urug
 44338 | D:13     | Found a gate to the Vaults.
 45303 | D:14     | Found an iron altar of Okawaru.
 45322 | D:14     | Reached XP level 17. HP: 113/124 MP: 5/29
 45795 | D:15     | Entered Level 15 of the Dungeon
 45951 | Orc:2    | Bought a book of Spectacle for 416 gold pieces
 45958 | Orc:2    | Learned a level 6 spell: Starburst
 47057 | D:15     | Received a gift from Sif Muna
 47155 | D:15     | Got Zify's Papyrus of the Damaging Escort {god gift}
 47540 | D:15     | Found a staircase to the Depths.
 48071 | Shoals:1 | Entered Level 1 of the Shoals
 49205 | Shoals:1 | Noticed Frances
 49216 | Shoals:1 | Killed Frances
 49244 | Shoals:1 | Reached skill level 15 in Fire Magic
 50850 | Shoals:2 | Acquired 1260 gold pieces
 51020 | Shoals:2 | Reached XP level 18. HP: 130/132 MP: 27/30
 51531 | Shoals:2 | Noticed Louise
 51537 | Shoals:2 | Killed Louise
 52130 | Shoals:2 | Noticed a kraken
 52150 | Shoals:2 | Killed a kraken
 52463 | Shoals:3 | Received a gift from Sif Muna
 53572 | Shoals:3 | Reached skill level 15 in Conjurations
 54655 | Shoals:3 | Identified the +6 scythe of Zeumawov {protect, rCorr MP+9
                  | Dex+4}
 54742 | Shoals:3 | Got Sif Muna's Catalogue of the Fetching Arsonist {god
                  | gift}
 54858 | Shoals:3 | Reached skill level 10 in Spellcasting
 55091 | Shoals:3 | Acquired a +2 pair of boots of flying
 55593 | Shoals:4 | Entered Level 4 of the Shoals
 56360 | Shoals:4 | Reached skill level 16 in Fire Magic
 57338 | Shoals:4 | Received a gift from Sif Muna
 57339 | Shoals:4 | Got Sif Muna's Catalogue of the Entrancing Mountains {god
                  | gift}
 57726 | Shoals:4 | Reached XP level 19. HP: 84/138 MP: 17/33
 57904 | Shoals:3 | Learned a level 7 spell: Orb of Destruction
 58196 | Shoals:4 | Noticed Polyphemus
 58206 | Shoals:4 | Killed Polyphemus
 58580 | Shoals:4 | Found a transporter.
 58597 | Shoals:4 | Got a barnacled rune of Zot
 58859 | Shoals:4 | Found a transporter.
 58863 | Shoals:4 | Noticed malygoose's ghost (adept GrFi)
 59324 | Shoals:4 | Found Rixkour's Firing Range.
 59441 | Shoals:4 | Got the Handbook of Necromancy and the Glacier
 60068 | Lair:4   | Learned a level 4 spell: Iskenderun's Mystic Blast
 63125 | Lair:6   | Found a burning altar of Makhleb.
 63883 | Lair:6   | Found a gateway to Hell.
 63890 | Lair:6   | Identified the +3 eveningstar of Kunan {vorpal, Stlth+}
 64229 | Spider:1 | Entered Level 1 of the Spider Nest
 64713 | Spider:1 | Received a gift from Sif Muna
 64714 | Spider:1 | Got Sif Muna's Incunabulum of Battle Magic {god gift}
 66156 | Spider:2 | Reached skill level 17 in Fire Magic
 67765 | Spider:2 | Reached XP level 20. HP: 68/144 MP: 0/36
 69873 | Spider:4 | Entered Level 4 of the Spider Nest
 70278 | Spider:4 | Acquired 823 gold pieces
 70296 | Spider:4 | Learned a level 1 spell: Apportation
 70918 | Spider:3 | Received a gift from Sif Muna
 70921 | Spider:3 | Got Xiriab's Handbook of Attacks {god gift}
 73013 | Spider:4 | Got a gossamer rune of Zot
 73546 | D:11     | Acquired quicksilver dragon scales
 73665 | Vaults:1 | Entered Level 1 of the Vaults
 74092 | Vaults:1 | Reached skill level 18 in Fire Magic
 74097 | Vaults:1 | Identified the ring of Voun {rPois Str-5 Slay+6}
 74704 | Vaults:1 | Reached XP level 21. HP: 129/150 MP: 7/38
 76628 | Vaults:1 | Received a gift from Sif Muna
 76629 | Vaults:1 | Got Sif Muna's Catalogue of Terra Cotta {god gift}
 77437 | Vaults:1 | Identified the +1 flail "Ugenn" {distort, rPois Str+3 Dex+3
                  | Stlth+}
 78825 | D:7      | Bought the +8 arc blade {discharge, rElec} for 1680 gold
                  | pieces
 78825 | D:7      | Found the +8 arc blade {discharge, rElec}
 79054 | Vaults:2 | Found a staircase to the Crypt.
 79054 | Vaults:2 | Found a basalt altar of Yredelemnul.
 79054 | Vaults:2 | Found an ancient bone altar of Kikubaaqudgha.
 80863 | Vaults:3 | Reached XP level 22. HP: 157/157 MP: 19/40
 82461 | Vaults:3 | Learned a level 8 spell: Ignition
 82480 | Vaults:3 | Reached skill level 19 in Fire Magic
 82660 | Vaults:3 | Got the Compendium of Freezing Orientation
 83051 | Vaults:3 | Received a gift from Sif Muna
 83052 | Vaults:3 | Got Sif Muna's Collected Works on Fiery Arcane Weapons {god
                  | gift}
 83560 | Vaults:3 | Noticed a juggernaut
 83560 | Vaults:3 | a rockslime changed into a juggernaut
 83565 | Vaults:3 | Killed a juggernaut
 83914 | Vaults:3 | Reached skill level 20 in Fire Magic
 84999 | Vaults:3 | Identified the +5 bardiche of Reason {vorpal, rN+ Dex+2}
 85782 | Vaults:3 | Reached XP level 23. HP: 149/157 MP: 35/41
 87052 | Vaults:4 | Reached skill level 21 in Fire Magic
 87215 | Vaults:4 | Found a magical portal.
 87227 | WizLab   | Entered Iskenderun's Mystic Tower
 90962 | Vaults:4 | Found Apem's Antique Weapon Emporium.
 91977 | Vaults:4 | Identified the +0 robe "Upieh" {+Inv rC- Int-4 Stlth+}
 92012 | Vaults:4 | Reached skill level 22 in Fire Magic
 92835 | Vaults:4 | Noticed Xtahua
 93348 | Lair:4   | Killed Laummuim's ghost
 93904 | Shoals:4 | Killed malygoose's ghost
 94160 | Shoals:4 | Identified the +0 hat of the Blessed Realm {rPois Int-3
                  | Dex+4}
 94424 | Elf:1    | Entered Level 1 of the Elven Halls
 95516 | Elf:1    | Reached XP level 24. HP: 169/169 MP: 26/41
 95632 | Elf:1    | Paralysed by an air elemental for 1 turns
 96174 | Elf:1    | Found Leimpuf's General Store.
 96249 | Elf:1    | Reached skill level 5 in Armour
 96367 | Elf:1    | Found Ulimn's Antique Armour Shop.
 96453 | Elf:1    | Bought a pair of embroidered boots for 322 gold pieces
 97565 | Elf:2    | Found an ancient bone altar of Kikubaaqudgha.
 98117 | Elf:2    | Received a gift from Sif Muna
 98159 | Elf:2    | Paralysed by an air elemental for 1 turns
 98163 | Elf:2    | Paralysed by an air elemental for 1 turns
 98415 | Elf:2    | Found a runed translucent gate.
 98416 | Elf:2    | Found a runed translucent gate.
 98416 | Elf:2    | Found a runed translucent gate.
 98487 | Elf:2    | Found Leirr's Book Shoppe.
 98496 | Elf:2    | Bought a book of Spatial Translocations for 364 gold pieces
 98499 | Elf:2    | Learned a level 2 spell: Blink
 99070 | Elf:2    | Reached skill level 23 in Fire Magic
 99090 | Elf:1    | HP: 7/170 [something (5)]
 99100 | Elf:1    | Slain by a +2 vampiric lajatang

Illustrated notes

Levels and vault maps discovered:
D:1:      wander_arrival_abandoned_jail, layout_basic
D:2:      layout_basic, shapermc_ecumenical_altar_gd,
          ebering_dispersal_statue_hall, minmay_3d_cube
D:3:      layout_rooms
D:4:      layout_basic, mainiacjoe_overflow_chevrons,
          amcnicky_mini_rare_corridor_liquid
D:5:      layout_basic, st_stairs_1, uniq_menkaure, uniq_sigmund, uniq_eustachio
D:6:      gammafunk_steamed_eel, layout_basic, minmay_temple_entry_fiery
D:7:      layout_rooms, serial_shops, nicolae_lakefront_shop, abandoned_shop,
          lemuel_flamethrower_1, uniq_crazy_yiuf_cottage
D:8:      gammafunk_boulding_lane, layout_basic
D:9:      statuecave_lemuel, layout_loops_ring, zombieorc2_lemuel
D:10:     layout_long_grid
D:11:     minmay_tile_spiral, layout_basic, lair_entry_dummy, minivault_16,
          small_chamber_with_monster, zin_statuary
D:12:     layout_rooms, gauntlet_entry_generic, nicolae_qazlal_eye_of_the_storm
D:13:     layout_rooms, david_vaults_1, portal_ice_cave_entry_pillars_2,
          uniq_urug
D:14:     layout_roguey, okawaru_gym_becter, kennysheep_decorative_pillar,
          grunt_ministairs_4
D:15:     gammafunk_enter_depths_forms, layout_small_grid, serial_glass,
          glass_columns_c, glass_columns_b, hellmonk_bongcloud_opening
Temple:   compressed_dpeg_triangle_lava_temple
Lair:1:   layout_layer_cave, serial_bayou_pond_c, lemuel_fruit_fields,
          uniq_harold
Lair:2:   minmay_lair_oklob_tunnel, layout_hall_layers, basic_altar,
          uniq_gastronok, uniq_maggie
Lair:3:   nzn_winding_woodlands_three_and_one [nzn_winding_woodlands_5x15_cabin,
          nzn_winding_woodlands_5x15_default, nzn_winding_woodlands_5x15_zeroes,
          nzn_winding_woodlands_center_garden], layout_cave_pods,
          serial_bayou_crossing, infiniplex_staircase_pool, uniq_snorg
Lair:4:   mu_elephants_graveyard, layout_regular_city,
          minmay_shoals_entry_beasts, spider_nest_entry_funnel_web,
          ebering_ghost_xom, serial_bayou_shore_b, uniq_nergalle, uniq_rupert
Lair:5:   layout_layer_cave, slime_altar_1, chequers_serial_rivers_room_b,
          grunt_megastairs_1, lemuel_fruit_fields
Lair:6:   evil_forest, layout_regular_city
Shoals:1: layout_shoals, nicolae_shoals_square_sea_wall, uniq_frances
Shoals:2: layout_shoals, uniq_louise
Shoals:3: cheibrodos_shoals_satyrical_garden, layout_shoals,
          nicolae_shoals_seven_spires
Shoals:4: shoals_end_grunt_garden, layout_shoals,
          gammafunk_ghost_berserking_beasts, nicolae_shop_firing_range,
          uniq_polyphemus
Spider:1: layout_spider_delve
Spider:2: layout_chambers
Spider:3: layout_spider_delve, nicolae_spider_baby_got_redback
Spider:4: guppyfry_spider_rune
Orc:1:    layout_caves, uniq_jorgrun, uniq_erica
Orc:2:    grunt_orc_gardens, layout_caves, grunt_orc_garden, grunt_orc_garden,
          grunt_orc_garden, grunt_orc_garden, serial_shops, shop, uniq_azrael
Elf:1:    layout_geoelf_octagon, serial_shops, shop, nicolae_take_the_stairs,
          hangedman_elf_represent, st_stairs_2, solitary_fountain
Elf:2:    nicolae_elf_blades_crystal_corner, layout_loops_corners, serial_shops,
          nicolae_lakefront_shop, basic_altar, minivault_16
Vaults:1: grunt_vaults_swirl, vaults_room_semicircle, hangedman_vaults_pinch,
          grunt_vaults_twisty, vaults_mumra_lcd, nicolae_vaults_little_ls,
          v_misc_18, nicolae_vaults_big_ls, st_octagons_2,
          nicolae_vaults_ring_of_whatevers, v_alt_pattern_1, serial_ice_b,
          nicolae_vaults_little_squares_2, vaults_mumra_chevron,
          grunt_vaults_hallway_long, nicolae_vaults_little_squares_2,
          layout_vaults_ring
Vaults:2: minmay_crypt_entry_necro_gods, ontoclasm_vaults_idyll,
          vaults_standard_mumra_x, vaults_room_pool, ontoclasm_vaults_gateway,
          layout_vaults_quadrants
Vaults:3: v_alt_pattern_5, st_greater_box_1, v_alt_pattern_6,
          ontoclasm_vaults_eye, v_misc_28, v_alt_pattern_3, v_misc_11,
          v_misc_24, vaults_room_pool, ontoclasm_vaults_decontamination,
          v_misc_31, v_misc_14, layout_vaults_maze_bifur
Vaults:4: hangedman_vaults_capsules, st_star, nicolae_vaults_little_squares_4,
          v_misc_16, ontoclasm_vaults_twist, v_alt_pattern_4, vaults_dpeg_ring,
          layout_vaults_chaotic_city, infiniplex_enter_wizlab_glasses,
          serial_shops, nicolae_diamond_shop, uniq_xtahua

Skill      XL: |  1  2  3  4  5  6  7  8  9 10 11 12 13 14 15 16 17 18 19 20 21 22 23 24 |
---------------+-------------------------------------------------------------------------+-----
Fire Magic     | 4 5 6 7 8 10 11 12 13 14 15 16 17 18 20 22 23 | 23.0
Conjurations   | 2 3 5 6 8 9 10 11 12 13 14 15 16 17 18 | 18.6
Fighting       | 2 4 5 6 7 8 9 |  9.4
Invocations    | 3 4 5 7 8 9 10 11 13 | 13.3
Stealth        | 3 5 6 7 |  7.0
Dodging        | 3 4 5 6 7 |  7.9
Spellcasting   | 3 4 5 6 7 8 10 12 13 14 | 14.5
Earth Magic    | 2 4 5 6 7 |  7.1
Evocations     | 3 4 5 6 |  6.2
Shields        | 1 4 |  4.0
Air Magic      | 2 4 |  4.6
Armour         | 2 3 4 5 |  5.6
Translocations | |  0.4

Action                   |  1- 3 |  4- 6 |  7- 9 | 10-12 | 13-15 | 16-18 | 19-21 | 22-24 || total
-------------------------+-------+-------+-------+-------+-------+-------+-------+-------++-------
Melee: Dagger            |    14 |    19 |       |       |       |       |       |       ||    33
       Rapier            |       |       |    12 |    17 |       |       |    28 |     4 ||    61
       Staff             |       |       |       |    49 |   159 |   105 |    98 |    23 ||   434
       Quick blade       |       |       |       |       |       |    42 |    90 |       ||   132
       Double sword      |       |       |       |       |       |     9 |       |       ||     9
 Cast: Foxfire           |    56 |   112 |   200 |    81 |    38 |    22 |       |       ||   509
       Sticky Flame      |       |       |    13 |    47 |   121 |    35 |    51 |    11 ||   278
       Conjure Flame     |       |       |     7 |    37 |     1 |       |       |       ||    45
       Fireball          |       |       |       |    85 |   250 |   242 |   112 |    26 ||   715
       Passwall          |       |       |       |       |     7 |     1 |     1 |       ||     9
       Inner Flame       |       |       |       |       |     6 |     2 |     8 |     1 ||    17
       Swiftness         |       |       |       |       |     5 |     8 |     4 |     2 ||    19
       Bolt of Magma     |       |       |       |       |       |   291 |   244 |   247 ||   782
       Starburst         |       |       |       |       |       |    21 |    29 |     2 ||    52
       Orb of Destructio |       |       |       |       |       |       |   169 |   141 ||   310
       Iskenderun's Myst |       |       |       |       |       |       |    44 |    38 ||    82
       Ignition          |       |       |       |       |       |       |       |    51 ||    51
       Shatter           |       |       |       |       |       |       |       |     1 ||     1
Invok: Channel Magic     |       |       |       |     6 |     5 |    11 |    14 |     6 ||    42
       Divine Exegesis   |       |       |       |       |       |       |       |     1 ||     1
Evoke: Wand              |       |       |       |       |     4 |       |     5 |       ||     9
  Use: Scroll            |     2 |     5 |    11 |     5 |     5 |     5 |    10 |    12 ||    55
       Potion            |       |       |       |       |     2 |     1 |     2 |     6 ||    11
 Stab: Sleeping          |       |       |       |     2 |       |     1 |     1 |       ||     4
Armor: Robe              |     9 |    10 |    30 |    27 |       |       |       |       ||    76
       Troll leather arm |       |       |       |    81 |   123 |    91 |       |       ||   295
       Steam dragon scal |       |       |       |       |    14 |       |       |       ||    14
       Ice dragon scales |       |       |       |       |       |    36 |       |       ||    36
       Leather armour    |       |       |       |       |       |    67 |   217 |       ||   284
       Quicksilver drago |       |       |       |       |       |       |    76 |   100 ||   176
Dodge: Dodged            |    50 |    19 |    57 |   132 |   299 |   332 |   482 |   160 ||  1531
Block: Buckler           |       |       |       |       |    56 |   139 |   203 |    74 ||   472
       Rpst.: Double sword |       |       |       |       |       |     2 |       |       ||     2
